 Dungeon Crawl Stone Soup version 0.26-a0-812-g31a745ddcd (webtiles) character file.

Game seed: 153875721234611627

3518 mkm the Spear-Bearer (level 9, -1/85 HPs)
             Began as a Minotaur Berserker on Nov 21, 2020.
             Was a Priest of Trog.
             Slain by a spatial maelstrom (15 damage)
             ... on level 1 of the Abyss.
             The game lasted 00:25:21 (7483 turns).

mkm the Spear-Bearer (Minotaur Berserker)           Turns: 7483, Time: 00:25:21

Health: -1/85      AC: 12    Str: 26      XL:     9   Next: 81%
Magic:  0/11       EV: 11    Int:  1 (4)  God:    Trog [***...]
Gold:   466        SH:  0    Dex: 11      Spells: 12/12 levels left

rFire    . . .     SeeInvis .   x - +0 mace (protect)
rCold    . . .     Faith    .   (no shield)
rNeg     . . .     Spirit   +   r - +0 chain mail
rPois    .         Reflect  .   (helmet unavailable)
rElec    .         Harm     .   q - +0 cloak
rCorr    .         Rampage  .   (no gloves)
MR       ++...                  (no boots)
Stlth    ..........             c - amulet of guardian spirit
HPRegen  1.24/turn              (no ring)
MPRegen  0.12/turn              (no ring)

@: about to teleport, regenerating
A: retaliatory headbutt, horns 3, strong 1
a: Berserk, Trog's Hand, Renounce Religion


You were on level 1 of the Abyss.
You worshipped Trog.
Trog was most pleased with you.
You visited 1 branch of the dungeon, and saw 8 of its levels.
You visited the Abyss 1 time.

You collected 466 gold pieces.

Inventory:

Hand Weapons
 a - a +1 spear
 i - a +0 morningstar
 o - a +0 dire flail
 x - a +0 mace of protection (weapon)
Armour
 q - a +0 cloak (worn)
 r - a +0 chain mail (worn)
Jewellery
 c - an amulet of guardian spirit (around neck)
Wands
 b - a wand of iceblast (16)
 h - a wand of acid (11)
 t - a wand of flame (28)
 u - a wand of random effects (44)
 v - a wand of enslavement (12)
Scrolls
 d - 3 scrolls of enchant armour
 e - 8 scrolls of identify
 f - 6 scrolls of enchant weapon
 j - 3 scrolls of remove curse
 k - 9 scrolls of teleportation
 l - 2 scrolls of magic mapping
 p - 2 scrolls of fear
Potions
 g - a potion of invisibility
 m - 4 potions of curing
 n - 2 potions of flight
 s - a potion of magic


   Skills:
 + Level 9.7 Fighting
 + Level 1.3 Maces & Flails
 + Level 10.5 Polearms
 + Level 3.0 Throwing
 + Level 9.0 Armour
 + Level 6.6 Dodging
 + Level 3.1 Stealth
 + Level 2.0 Spellcasting
 + Level 2.9 Evocations


You had 12 spell levels left.
You didn't know any spells.
Your spell library was empty.

Dungeon Overview and Level Annotations

Branches:
Dungeon (8/15)             Temple (0/1) D:4
   Lair: D:8-11

Altars:
Okawaru
Qazlal
Zin

Annotations:
D:8 Psyche


Innate Abilities, Weirdness & Mutations

You reflexively headbutt those who attack you in melee.
You have a pair of large horns on your head.
Your muscles are strong. (Str +2)


Message History

You hit the spatial maelstrom.
Your weapon exudes an aura of protection.
The spatial maelstrom is lightly damaged.
The spatial maelstrom completely misses you.
You furiously retaliate!
You headbutt the spatial maelstrom. The spatial maelstrom hits you.
* * * LOW HITPOINT WARNING * * *
You feel better.
A spatial vortex comes into view. x2
The spatial maelstrom hits you but does no damage. x2
A spatial vortex comes into view.
Press: ? - help, v - describe, . - travel
Here: a spatial vortex The floor, spattered with blood.
The spatial maelstrom hits you. Space bends around you!
* * * LOW HITPOINT WARNING * * *
The spatial maelstrom hits you!
* * * LOW HITPOINT WARNING * * *
Space warps horribly around you!
You die...

# # #. ####
##.# . ## #
.#.## v. . .#
v. . . .
#.#..#### . .
##### ##.#
##.##..#### .
#v#.#v#..## #
#v@#.v##....#
.
#v##...#.....
##.#v#.....#.#
##### v### # #
#.### . # #.#
..# # #... .#
..# # .. . ###
# #.######


You could see a spatial maelstrom and 2 spatial vortices.

Vanquished Creatures
  Eustachio (D:4)
  A small abomination (Abyss:1)
  Duvessa (D:4)
  2 orc warriors (D:8)
  An ogre (D:7)
  A necrophage (D:8)
  3 centaurs
  A bullfrog (D:8)
  Dowan (D:4)
  A scorpion (D:5)
  A water moccasin skeleton (D:7)
  10 hounds
  2 centaur skeletons
  3 orc priests (D:8)
  A bullfrog skeleton (D:5)
  A jelly (D:6)
  9 orc wizards
  Ijyb (D:4)
  2 iguanas
  Natasha (twice) (D:4)
  8 worker ants
  A hound zombie (D:6)
  Robin (D:4)
  8 gnolls
  11 adders
  A river rat (D:3)
  2 shadow imps (D:6)
  2 white imps
  2 ufetubi
  2 worms
  A dart slug (D:1)
  4 leopard geckos
  16 orcs
  7 bats
  6 giant cockroaches
  15 goblins
  6 hobgoblins
  2 kobolds (D:1)
  2 quokkas
  2 ball pythons
  4 frilled lizards
  5 rats
153 creatures vanquished.

Vanquished Creatures (collateral kills)
  An ogre (D:8)
1 creature vanquished.

Grand Total: 154 creatures vanquished

Notes
Turn   | Place    | Note
-------+----------+-------------------------------------------
     0 | D:1      | mkm the Minotaur Berserker began the quest for the Orb.
     0 | D:1      | Reached XP level 1. HP: 19/19 MP: 0/0
   106 | D:1      | Gained mutation: You occasionally shout uncontrollably at
                  | your foes. [potion of mutation]
   106 | D:1      | Gained mutation: You are agile. (Dex +2) [potion of
                  | mutation]
   312 | D:1      | Reached skill level 4 in Polearms
   323 | D:1      | Reached XP level 2. HP: 27/27 MP: 1/1
   442 | D:1      | Lost mutation: You occasionally shout uncontrollably at
                  | your foes. [potion of mutation]
   442 | D:1      | Gained mutation: You have large cloven feet. [potion of
                  | mutation]
   442 | D:1      | Gained mutation: You have hoof-like feet. [potion of
                  | mutation]
  1049 | D:2      | Reached XP level 3. HP: 31/34 MP: 2/2
  1318 | D:2      | Reached XP level 4. HP: 41/41 MP: 1/3
  1324 | D:2      | Reached skill level 5 in Fighting
  1469 | D:2      | Reached ** piety under Trog
  1821 | D:3      | Noticed a centaur
  1828 | D:3      | Killed a centaur
  1828 | D:3      | Reached skill level 5 in Polearms
  1828 | D:3      | Reached XP level 5. HP: 18/48 MP: 2/4
  2348 | D:3      | Reached XP level 6. HP: 51/57 MP: 3/5
  2385 | D:3      | Found a faded altar of an unknown god.
  2927 | D:4      | Noticed Duvessa
  2927 | D:4      | Noticed Dowan
  3018 | D:4      | Noticed Ijyb
  3066 | D:4      | Killed Ijyb
  3066 | D:4      | Reached skill level 6 in Polearms
  3081 | D:4      | Killed Duvessa
  3081 | D:4      | Reached skill level 1 in Stealth
  3091 | D:4      | Killed Dowan
  3091 | D:4      | Reached XP level 7. HP: 49/64 MP: 4/6
  3102 | D:4      | Noticed Eustachio
  3106 | D:4      | Found a glowing silver altar of Zin.
  3289 | D:4      | Killed Eustachio
  3289 | D:4      | Reached skill level 7 in Polearms
  3413 | D:4      | Noticed Natasha
  3420 | D:4      | Killed Natasha
  3420 | D:4      | Reached *** piety under Trog
  3677 | D:4      | Found a staircase to the Ecumenical Temple.
  3694 | D:4      | Reached skill level 5 in Armour
  3786 | D:4      | Noticed Robin
  3811 | D:4      | Killed Robin
  3904 | D:4      | Noticed Natasha
  3909 | D:4      | Killed Natasha
  3945 | D:4      | Reached skill level 9 in Polearms
  3945 | D:4      | Reached XP level 8. HP: 78/78 MP: 6/10
  3947 | D:4      | Lost mutation: You have hoof-like feet. [potion of
                  | mutation]
  3947 | D:4      | Lost mutation: You are agile. (Dex +2) [potion of mutation]
  3947 | D:4      | Lost mutation: You have large cloven feet. [potion of
                  | mutation]
  3947 | D:4      | Gained mutation: Your muscles are strong. (Str +2) [potion
                  | of mutation]
  3947 | D:4      | Gained mutation: You have a pair of large horns on your
                  | head. [potion of mutation]
  3975 | D:5      | Entered Level 5 of the Dungeon
  4130 | D:5      | Reached XP level 9. HP: 79/83 MP: 11/11
  4306 | D:5      | Found an iron altar of Okawaru.
  4758 | D:6      | Reached skill level 10 in Polearms
  6324 | D:8      | Found a stormy altar of Qazlal.
  6990 | D:8      | Reached skill level 1 in Maces & Flails
  7193 | D:8      | Noticed Psyche
  7204 | D:8      | Cast into level 1 of the Abyss (Psyche)
  7467 | Abyss:1  | Noticed a spatial maelstrom
  7483 | Abyss:1  | Slain by a spatial maelstrom

Illustrated notes

Levels and vault maps discovered:
D:1:      scummos_arrival_simple_crosswalls, layout_basic, feat_on_display
D:2:      layout_basic
D:3:      layout_loops_ring, chequers_ecumenical_altar_island,
          portal_sewer_entry_b, minmay_misc_feat_more_columns
D:4:      layout_rooms, lemuel_coloured_pillars_altar,
          minmay_temple_entry_stoned_glass, uniq_eustachio, uniq_ijyb,
          uniq_robin, uniq_duvessa, uniq_natasha
D:5:      layout_rooms, eino_tiny_chamber, okawaru_trees_2
D:6:      layout_rooms
D:7:      layout_layer_cave
D:8:      layout_loops_corners, grunt_qazlal_sundering, uniq_psyche, uniq_harold
Abyss:1:  base: D:3, bh_abyss_negative

Skill      XL: |  1  2  3  4  5  6  7  8  9 |
---------------+----------------------------+-----
Polearms       | 4 5 6 9 10 | 10.5
Fighting       | 4 5 6 9 |  9.7
Dodging        | 3 6 |  6.6
Armour         | 3 4 7 8 9 |  9.0
Stealth        | 1 3 |  3.1
Throwing       | 3 |  3.0
Spellcasting   | 2 |  2.0
Evocations     | 2 |  2.9
Maces & Flails | 1 |  1.3

Action                   |  1- 3 |  4- 6 |  7- 9 || total
-------------------------+-------+-------+-------++-------
Melee: Spear             |    38 |   110 |   250 ||   398
       Headbutt          |     5 |    24 |    75 ||   104
       Kick              |     8 |    37 |    21 ||    66
       Mace              |       |       |    61 ||    61
Invok: Berserk           |     2 |     2 |     7 ||    11
       Trog's Hand       |       |       |     2 ||     2
  Use: Potion            |     6 |     2 |     8 ||    16
       Scroll            |       |     2 |    11 ||    13
Armor: Animal skin       |     6 |     1 |       ||     7
       Chain mail        |       |    51 |   134 ||   185
Dodge: Dodged            |    28 |    45 |   164 ||   237

Table legend: (Time is in decaauts)
 A = Elapsed time spent in this place.
 B = Non-inter-level travel time spent in this place.
 C = Inter-level travel time spent in this place.
 D = Time resting spent in this place.
 E = Time spent auto-exploring this place.
 F = Levels seen in this place.
 G = Mean time per level.
                   A        B        C        D        E       F      G
               +--------+--------+--------+--------+--------+-----+--------+
         Total |   7483 |   7292 |    191 |    417 |   5306 |   9 |  831.4 |
       Dungeon |   7201 |   7010 |    191 |    417 |   5090 |   8 |  900.1 |
         Abyss |    281 |    281 |      0 |      0 |    216 |   1 |  281.0 |
               +--------+--------+--------+--------+--------+-----+--------+

Top non-repeatable levels by time:
     D:3: 1395 daAuts
     D:7: 1166 daAuts
     D:2: 1002 daAuts
     D:8: 955 daAuts
     D:4: 818 daAuts
     D:1: 802 daAuts
     D:6: 570 daAuts
     D:5: 489 daAuts
 Abyss:1: 281 daAuts
